 Dungeon Crawl Stone Soup version 0.30-a0-772-g5528072125 (webtiles) character file.

Game seed: 14629049342239318962

212768 Zonian the Warrior (level 18, 0/112 HPs)
             Began as a Vine Stalker Brigand on Feb 12, 2023.
             Was a High Priest of Ashenzari.
             Slain by an eight-headed hydra (3 damage)
             ... called by a spriggan druid
             ... on level 2 of the Swamp on Feb 13, 2023.
             The game lasted 02:09:07 (35910 turns).

Zonian the Warrior (Vine Stalker Brigand)          Turns: 35910, Time: 02:09:07

Health: 0/112      AC: 11    Str: 27    XL:     18   Next: 93%
Magic:  0/44       EV: 20    Int: 18    God:    Ashenzari [*****.]
Gold:   1098       SH:  7    Dex: 19    Spells: 19/42 levels left

rFire   . . .      SeeInvis +    x - +9 staff of Olgreb {rPois∞}
rCold   . . .      Faith    .    F - +2 buckler of the Lashed Heavens {Elem, Melee} (curse)
rNeg    . . .      Spirit   +    L - +3 leather armour "Share My the Doldrums" {rC+, Elem, Bglg} (curse)
rPois   ∞          Reflect  .    H - +0 hat of Supernal Gnosis {Will++ Regen+ Str+8 Stlth-, Fort, Comp} (curse)
rElec   +          Harm     .    O - +1 cloak "Sublime Loss" {Int+7 Stlth+, Cun, Range} (curse)
rCorr   +          Rampage  .    v - +0 pair of gloves of Ashenzari's Scepticism {rElec rCorr, Comp, Evo} (curse)
Will    ++++.      Clarity  +    m - +1 pair of boots "Cursed Together" {rElec rPois rC- SInv, Self, Bglg} (curse)
Stlth   +++++                    p - amulet of Ashenzari's Seer {Regen+, Self, Fort} (curse)
HPRegen 2.78/turn                M - ring "Enlightened Anxiety" {MP+9, Elem, Melee} (curse)
MPRegen 0.29/turn                U - ring of Cremastomancy {Wiz, Evo, Melee} (curse)

@: studying Polearms
A: fangs 3, regeneration 1, magic shield, antimagic bite, no potion heal 2
}: 1/15 runes: gossamer
a: Renounce Religion, Evoke the Staff of Olgreb, Curse Item, Shatter the Chains


You were on level 2 of the Swamp.
You worshipped Ashenzari.
Ashenzari was extremely pleased with you.
You visited 6 branches of the dungeon, and saw 29 of its levels.
You also visited: Sewer, Ossuary, Bailey and Gauntlet.

You collected 3093 gold pieces.
You spent 1995 gold pieces at shops.

Inventory:

Hand Weapons
 a - a +5 dagger of draining
 x - the +9 staff of Olgreb (weapon) {rPois∞}
   (You found it on level 5 of the Dungeon)

   It enhances your poison magic.
   It grants immunity to poison.
   It can be activated via the 'a'bility menu to radiate toxic energy, with
   effectiveness depending on Evocations skill.
Missiles
 b - 6 silver javelins
 d - 41 poisoned darts (quivered)
 y - 12 curare-tipped darts
 C - 7 javelins
 V - 15 boomerangs
Armour
 m - the cursed +1 pair of boots "Cursed Together" (worn) {rElec rPois rC- SInv, Self, Bglg}
   (You found it on level 2 of the Dungeon)

   rC:        It makes you vulnerable to cold.
   rElec:     It insulates you from electricity.
   rPois:     It protects you from poison.
   SInv:      It lets you see invisible.
   It has a curse which improves the following skills: Introspection: Fighting
   and Spellcasting.
   Beguiling: Conjurations, Hexes and Translocations.
 q - a scarf of repulsion
 v - the cursed +0 pair of gloves of Ashenzari's Scepticism (worn) {rElec rCorr, Comp, Evo}
   (You found it on level 3 of the Dungeon)

   rElec:     It insulates you from electricity.
   rCorr:     It protects you from acid and corrosion.
   It has a curse which improves the following skills: Companions: Summonings
   and Necromancy.
   Evocations: Evocations.
 F - the cursed +2 buckler of the Lashed Heavens (worn) {Elem, Melee}
   (You took it off a tengu warrior on level 11 of the Dungeon)

   It has a curse which improves the following skills: Elements: Fire Magic, Ice
   Magic, Air Magic and Earth Magic.
   Melee Combat: Short Blades, Long Blades, Axes, Maces & Flails, Polearms,
   Staves and Unarmed Combat.
 H - the cursed +0 hat of Supernal Gnosis (worn) {Will++ Regen+ Str+8 Stlth-, Fort, Comp}
   (You acquired it in an ossuary)

   Str:       It affects your strength (+8).
   Regen:     It increases your rate of health regeneration.
   Will:      It greatly increases your willpower.
   Stlth:     It makes you less stealthy.
   It has a curse which improves the following skills: Fortitude: Armour and
   Shields.
   Companions: Summonings and Necromancy.
 L - the cursed +3 leather armour "Share My the Doldrums" (worn) {rC+, Elem, Bglg}
   (You took it off Duvessa on level 5 of the Dungeon)

   It has a curse which improves the following skills: Elements: Fire Magic, Ice
   Magic, Air Magic and Earth Magic.
   Beguiling: Conjurations, Hexes and Translocations.
 O - the cursed +1 cloak "Sublime Loss" (worn) {Int+7 Stlth+, Cun, Range}
   (You acquired it in an ossuary)

   Int:       It affects your intelligence (+7).
   Stlth:     It makes you more stealthy.
   It has a curse which improves the following skills: Cunning: Dodging and
   Stealth.
   Ranged Combat: Ranged Weapons and Throwing.
Jewellery
 n - a ring of fire
 p - the cursed amulet of Ashenzari's Seer (around neck) {Regen+, Self, Fort}
   (You took it off a minotaur in a Gauntlet)

   [amulet of regeneration]

   Regen:     It increases your rate of health regeneration.
   It has a curse which improves the following skills: Introspection: Fighting
   and Spellcasting.
   Fortitude: Armour and Shields.
 t - a +6 ring of strength
 M - the cursed ring "Enlightened Anxiety" (left hand) {MP+9, Elem, Melee}
   (You found it on level 11 of the Dungeon)

   [ring of magical power]

   MP:        It affects your magic capacity (+9).
   It has a curse which improves the following skills: Elements: Fire Magic, Ice
   Magic, Air Magic and Earth Magic.
   Melee Combat: Short Blades, Long Blades, Axes, Maces & Flails, Polearms,
   Staves and Unarmed Combat.
 T - a ring of poison resistance
 U - the cursed ring of Cremastomancy (right hand) {Wiz, Evo, Melee}
   (You found it on level 9 of the Dungeon)

   [ring of wizardry]

   It improves your spell success rate.
   It has a curse which improves the following skills: Evocations: Evocations.
   Melee Combat: Short Blades, Long Blades, Axes, Maces & Flails, Polearms,
   Staves and Unarmed Combat.
Wands
 e - a wand of quicksilver (4)
 o - a wand of iceblast (29)
 N - a wand of flame (2)
 P - a wand of paralysis (41)
 Q - a wand of digging (14)
 R - a wand of mindburst (17)
 Z - a wand of polymorph (8)
Scrolls
 f - 2 scrolls of magic mapping
 i - 10 scrolls of teleportation
 k - 5 scrolls of poison
 r - 7 scrolls of fog
 u - 4 scrolls of amnesia
 D - 6 scrolls of immolation
 G - 3 scrolls of enchant weapon
 J - 2 scrolls of brand weapon
 S - 2 scrolls of enchant armour
 X - 2 scrolls of blinking
Potions
 c - a potion of berserk rage
 g - 7 potions of ambrosia
 h - 9 potions of flight
 j - 8 potions of magic
 l - a potion of resistance
 s - 5 potions of mutation
 w - 6 potions of brilliance
 A - 4 potions of haste
 E - 6 potions of cancellation
 I - 6 potions of might
 K - 13 potions of curing
 Y - 3 potions of invisibility
Miscellaneous
 z - a condenser vane (inert)
 B - a phial of floods
 W - a tin of tremorstones (2/2)


   Skills:
 - Level 15.9(19.2) Fighting
 - Level 4.9(9.2) Short Blades
 - Level 9.0(13.5) Staves
 - Level 2.0(3.8) Throwing
 - Level 11.1(13.4) Dodging
 - Level 9.0(11.3) Stealth
 + Level 1.2(3.3) Shields
 + Level 9.2(12.7) Spellcasting
 - Level 5.1(8.4) Conjurations
 - Level 6.5(10.0) Necromancy
 - Level 4.0 Transmutations
 + Level 4.3(8.4) Fire Magic
 - Level 2.5(6.0) Air Magic
 - Level 7.5(12.0) Earth Magic
 + Level 8.1 Poison Magic
 - Level 13.2(16.6) Evocations


You had 19 spell levels left.
You knew the following spells:

 Your Spells              Type           Power      Damage    Failure   Level
a - Wereblood             Tmut           26%        N/A       1%          2
b - Stone Arrow           Conj/Erth      96%        3d13      1%          3
c - Ignite Poison         Fire/Tmut/Pois 53%        N/A       1%          3
d - Borgnjor's Vile Clut  Necr/Erth      25%        N/A       1%          5
e - Dispel Undead         Necr           47%        3d18      1%          4
f - Swiftness             Air            33%        N/A       1%          3
g - Mephitic Cloud        Conj/Pois/Air  55%        N/A       1%          3

Your spell library contained the following spells:

 Spells                   Type           Power      Damage    Failure   Level
 Beastly Appendage        Tmut           52%        N/A       1%          1
 Kiss of Death            Conj/Necr      100%       2d13      1%          1
 Necrotise                Necr           100%       1d9       1%          1
 Sting                    Tmut/Pois      100%       1d8       1%          1
 Cigotuvi's Dreadful Rot  Necr/Pois/Air  100%       N/A       1%          2
 Passwall                 Tmut/Erth      33%        N/A       1%          2
 Poisonous Vapours        Pois/Air       100%       N/A       1%          2
 Scorch                   Fire           82%        2d9       1%          2
 Static Discharge         Conj/Air       74%        2-6/arc   1%          2
 Dazzling Flash           Conj/Hex       54%        N/A       1%          3
 Inner Flame              Hex/Fire       27%        N/A       1%          3
 Kindle Blastsparks       Fire/Tloc/Air  58%        2d14      1%          3
 Spider Form              Tmut/Pois      50%        N/A       1%          3
 Flame Wave               Conj/Fire      41%        2d11      1%          4
 Sticky Flame             Conj/Fire      41%        2d6       1%          4
 Agony                    Necr           47%        N/A       1%          5
 Vhi's Electric Charge    Tloc/Air       46%        N/A       2%          3
 Animate Armour           Summ/Erth      66%        N/A       2%          4
 Leda's Liquefaction      Hex/Erth       16%        N/A       2%          4
 Apportation              Tloc           26%        N/A       3%          1
 Slow                     Hex            52%        N/A       3%          1
 Summon Small Mammal      Summ           52%        N/A       3%          1
 Ensorcelled Hibernation  Hex/Ice        26%        N/A       4%          2
 Anguish                  Hex/Necr       15%        N/A       4%          4
 Arcjolt                  Conj/Air       18%        1d28      5%          5
 Lightning Bolt           Conj/Air       18%        1d33      5%          5
 Call Canine Familiar     Summ           13%        N/A       9%          3
 Ozocubu's Armour         Ice            13%        N/A       9%          3
 Portal Projectile        Hex/Tloc       26%        N/A       9%          3
 Summon Guardian Golem    Hex/Summ       13%        N/A       9%          3
 Tukima's Dance           Hex            13%        N/A       9%          3
 Death Channel            Necr           23%        N/A       9%          6
 Blade Hands              Tmut           13%        N/A       19%         5
 Silence                  Hex/Air        11%        N/A       26%         5
 Manifold Assault         Tloc           13%        N/A       28%         4
 Eringya's Noxious Bog    Tmut/Pois      25%        N/A       41%         6
 Simulacrum               Ice/Necr       15%        N/A       50%         6
 Metabolic Englaciation   Hex/Ice        6%         N/A       58%         5
 Summon Forest            Summ/Tloc      6%         N/A       61%         5
 Lehudib's Crystal Spear  Conj/Erth      24%        10d7      96%         8
 Dispersal                Tloc           6%         N/A       98%         6
 Summon Cactus Giant      Summ           6%         N/A       98%         6
 Borgnjor's Revivificati  Necr           23%        N/A       98%         8
 Ignition                 Fire           20%        3d7       99%         8
 Enfeeble                 Hex            6%         N/A       100%        7
 Malign Gateway           Summ/Tloc      6%         N/A       100%        7
 Summon Hydra             Summ           6%         N/A       100%        7
 Disjunction              Tloc           6%         N/A       100%        8
 Summon Horrible Things   Summ           6%         N/A       100%        8
 Chain Lightning          Conj/Air       18%        3d24      100%        9
 Death's Door             Necr           23%        N/A       100%        9
 Fire Storm               Conj/Fire      20%        8d5       100%        9
 Shatter                  Erth           26%        3d22*     100%        9


Dungeon Overview and Level Annotations

Branches:
Dungeon (15/15)            Temple (1/1) D:4            Lair (5/5) D:10
  Swamp (2/4) Lair:2       Spider (4/4) Lair:2        Slime (0/5) Lair:5
    Orc (2/2) D:10            Elf (0/3) Orc:2        Vaults (0/5) D:14
 Depths (0/4) D:15          Sewer (visited)         Ossuary (visited)
 Bailey (visited)         Gauntlet (visited)

Altars:
Ashenzari
Cheibriados
Fedhas
Gozag
Hepliaklqana
Kikubaaqudgha
Makhleb
Nemelex Xobeh
Okawaru
Qazlal
Sif Muna
Trog
Uskayaw
Vehumet
Wu Jian
Xom
Yredelemnul
Zin
The Shining One

Shops:
D:6 :   D:12 :   Orc:1 (   Orc:2 =!=[

Annotations:
D:7 1 runed translucent door, MachoJfn's ghost, novice DsBe
D:9 1 runed translucent door
Lair:1 3 runed translucent doors, SirDiesAlot's ghost, journeyman DsGl
Lair:5 2 runed translucent doors
Orc:1 3 runed translucent doors, Rumaargh's ghost, journeyman NaFE; Werytelu's ghost, journeyman HuDe


Innate Abilities, Weirdness & Mutations

You have razor-sharp teeth.
Your natural rate of healing is unusually fast.
When hurt, damage is shared between your health and your magic reserves.
Your bite disrupts and absorbs the magic of your enemies.
Potions cannot restore your health.


Message History

The eight-headed hydra barely misses you.
The tyrant leech is engulfed in poison gas.
The tyrant leech is poisoned.
The spriggan rider is engulfed in poison gas.
The spriggan rider looks even sicker.
The spriggan rider shouts!
Casting: Ignite Poison (safe; 1% risk of failure)
Confirm with . or Enter, or press ? or * to list all spells.
Aiming: Borgnjor's Vile Clutch (mildly dangerous; 1% risk of failure)
Press: ? - help, Shift-Dir - straight line, f - eight-headed hydra
Aim: an eight-headed hydra (poison gas, strong, 100% to hit)
Okay, then.
Casting: Borgnjor's Vile Clutch (mildly dangerous; 1% risk of failure)
Confirm with . or Enter, or press ? or * to list all spells.
You feel a surge of power!
You ignite the poison in your surroundings!
The tyrant leech seems to burn from within!
The tyrant leech is moderately wounded.
The swamp worm seems to burn from within!
The swamp worm is heavily wounded.
The spriggan rider seems to burn from within!!!
The spriggan rider is almost dead.
The swamp worm is engulfed in blazing flames.
The tyrant leech is engulfed in blazing flames.
The tyrant leech misses you.
The eight-headed hydra is engulfed in blazing flames.
The eight-headed hydra bites you!!
* * * LOW HITPOINT WARNING * * *
The eight-headed hydra completely misses you.
The eight-headed hydra bites you!
* * * LOW HITPOINT WARNING * * *
The eight-headed hydra bites you.
* * * LOW HITPOINT WARNING * * *
You block the eight-headed hydra's attack.
The eight-headed hydra bites you!
* * * LOW HITPOINT WARNING * * *
The eight-headed hydra bites you.
* * * LOW HITPOINT WARNING * * *
The eight-headed hydra bites you.
You die...

<..♣* , ...... ~~~ * ~
*,~, i~♣♣♣♣♣♣~.~~~~,
~k♣♣♣♣*~, ,~,,,
.....~♣~.~~~~~~~ ☼i○~♣♣ ~
~ , ~ ..~~~...~.~~~~
~~§§○..♣.~~ ~~,,,
.~~~~~..♣♣..~~{ *.~~~.§. ~
~ ~,, ~~~~~§.♣♣ , ♣
♣♣§~~~..~~ ~ ~~.~~~.♣
♣♣♣♣♣♣♣○§~...~~ ~,,, ~
~..~~†§♣♣♣....☼§w☼~....~ ~
~
..§~§~~~...~~~☼D@>~~..~.~~
*~ *,~
~~~~...♣...~§~○§☼~~w§§☼<,
*~, ,
~~...♣♣♣.~~~~~~~..~~○☼○.*
, ....~♣~.~~~.~~♣~....☼☼§.
* ,
.~.~.^...~~.♣♣♣♣.~..♣~..*
,~ , .~.~♣...~~~♣♣ ♣.~~.♣
♣~ , ,~~ ,.. ♣..~~♣♣♣
♣♣.~.♣ ** , ~ * ♣.~~.♣♣♣ *
♣♣♣♣ **~**, ♣.~~~..♣ ~~ *~
~ ** ~ *


You could see an eight-headed hydra (strong), a tyrant leech, a spriggan rider,
a swamp worm (strong) and a swamp drake (strong).

Vanquished Creatures
  Jorgrun (D:12)
  Mlioglotl (Spider:1)
  Agnes (D:14)
  5 emperor scorpions
  3 ghost moths
  An orc warlord (Bailey)
  6 broodmothers
  3 eleionomae (Swamp:1)
  A minotaur (Gauntlet)
  A spark wasp (shapeshifter) (Gauntlet)
  4 bunyips (Swamp:1)
  Josephine (Lair:3)
  The ghost of Beavis the Covert, a journeyman NaFE of Vehumet (D:11)
  3 jorogumos
  5 ogre magi
  7 entropy weavers
  8 hydras
  4 centaur warriors
  11 death yaks
  A catoblepas (Gauntlet)
  5 boulder beetles
  7 radroaches
  4 two-headed ogres
  5 tengu warriors
  3 alligators (Swamp:1)
  Urug (D:10)
  Nergalle (Orc:2)
  Sonja (D:13)
  A goliath frog (Swamp:2)
  A skyshark (Lair:1)
  4 sixfirhies (Gauntlet)
  3 sun moths
  A fire crab (Lair:5)
  Lodul (D:11)
  10 pharaoh ants
  A flayed ghost (D:15)
  A skeletal warrior (D:14)
  A spriggan druid (Swamp:2)
  A swamp dragon (Swamp:1)
  11 orb spiders
  An orange crystal statue (Gauntlet)
  2 bog bodies (Swamp:1)
  8 steelbarb worms
  4 deep elf pyromancers
  A necromancer (D:15)
  A lindwurm (Lair:5)
  A wizard (D:15)
  4 ugly things
  2 orc knights
  A deep elf zephyrmancer (D:12)
  An oklob plant (Lair:3)
  20 wolf spiders
  6 orc sorcerers (Orc:2)
  5 cyclopes
  3 moths of wrath
  A will-o-the-wisp (Swamp:1)
  20 elephants
  A salamander (shapeshifter) (Gauntlet)
  8 black mambas
  A demonic crawler (Spider:3)
  A naga mage (D:15)
  8 torpor snails
  An eye of devastation (Gauntlet)
  3 molten gargoyles (Lair:5)
  16 cane toads
  3 gargoyles
  2 unseen horrors (D:10)
  4 rime drakes
  5 centaur skeletons
  An efreet (D:13)
  5 komodo dragons
  A freezing wraith (D:14)
  A kobold demonologist (D:10)
  A tengu conjurer (D:13)
  A harpy zombie (D:15)
  5 trolls
  11 meliai
  2 polar bears
  2 tyrant leeches (Swamp:1)
  Grinder (D:3)
  3 hornets (Swamp:1)
  32 tarantellas
  A wolf spider simulacrum (D:15)
  11 blink frogs
  4 dream sheep (Lair:3)
  23 jumping spiders
  3 spriggans (Swamp:1)
  Sigmund (D:3)
  A culicivora (shapeshifter) (Gauntlet)
  8 slime creatures
  A shadow (D:12)
  22 culicivoras
  2 centaur simulacra
  A vampire (D:14)
  9 wraiths
  45 yaks
  Eustachio (D:5)
  6 wyverns
  3 vampire mosquitoes (D:12)
  6 basilisks
  4 steam dragons
  A golden eye (Gauntlet)
  51 redbacks
  A redback simulacrum (D:15)
  Edmund (D:5)
  3 swamp worms (Swamp:1)
  3 wargs (Orc:2)
  3 acid dragons
  Duvessa (D:5)
  19 water moccasins
  A floating eye (Gauntlet)
  4 hell hounds (Lair:5)
  2 ice beasts
  A meliai simulacrum (D:14)
  11 orc warriors
  Pargi (Sewer)
  A swamp drake (Swamp:1)
  3 black bears
  A sky beast (D:8)
  19 wolves
  12 ogres
  8 centaurs
  A phantom (D:7)
  A kobold brigand (D:8)
  An elf zombie (Ossuary)
  3 necrophages
  10 bullfrogs
  Blork the orc (D:5)
  4 scorpions
  10 wights
  Dowan (D:5)
  22 killer bees
  5 electric eels
  3 howler monkeys (D:11)
  2 centaur zombies (Ossuary)
  A crimson imp (D:12)
  A bullfrog zombie (D:4)
  8 lava snakes
  3 hounds
  2 human zombies
  Crazy Yiuf (D:3)
  A gnoll bouda (D:8)
  11 orc priests
  A jelly (D:5)
  4 iguanas
  Terence (D:3)
  Natasha (thrice) (D:2)
  31 orc wizards
  A boggart skeleton (D:14)
  6 mummies
  8 adders
  7 gnolls
  A shadow imp (D:5)
  2 white imps
  4 ufetubi
  4 adder zombies
  7 worms
  3 dart slugs
  44 orcs
  9 bats
  7 endoplasms
  3 giant cockroaches (D:3)
  19 goblins
  8 hobgoblins
  A jackal (D:3)
  6 quokkas
  10 ball pythons
  8 frilled lizards
  2 goblin zombies (Ossuary)
  10 hobgoblin zombies (Ossuary)
  A jackal zombie (Ossuary)
  17 kobolds
  11 kobold zombies (Ossuary)
  7 orc zombies (Ossuary)
  4 rats
  A rat zombie (Ossuary)
973 creatures vanquished.

Vanquished Creatures (others)
  2 bloated husks
  A swamp drake (Swamp:1)
  4 foxfires (Swamp:1)
  11 fungi
  23 plants
  2 withered plants (Orc:1)
43 creatures vanquished.

Grand Total: 1016 creatures vanquished

Notes
Turn   | Place    | Note
-------+----------+-------------------------------------------
     0 | D:1      | Zonian the Vine Stalker Brigand began the quest for the
                  | Orb.
     0 | D:1      | Reached XP level 1. HP: 11/11 MP: 2/2
    89 | D:1      | Reached skill level 1 in Dodging
    89 | D:1      | Reached XP level 2. HP: 15/15 MP: 3/3
   116 | D:1      | Reached skill level 5 in Stealth
   263 | D:1      | Reached skill level 2 in Fighting
   900 | D:1      | Reached XP level 3. HP: 18/18 MP: 4/4
   985 | D:2      | Noticed Natasha
   992 | D:2      | Killed Natasha
  1353 | D:2      | Identified the +1 pair of boots of Lifelessness {rElec
                  | rPois rC- SInv}
  1354 | D:2      | Noticed Natasha
  1362 | D:2      | Killed Natasha
  1363 | D:2      | Gained mutation: Your natural rate of healing is unusually
                  | fast. [Vine Stalker growth]
  1363 | D:2      | Reached XP level 4. HP: 20/23 MP: 3/5
  1431 | D:2      | Found a faded altar of an unknown god.
  1468 | D:2      | Identified the +3 scale mail of Trial and Error {rCorr}
  1655 | D:2      | Noticed Natasha
  1671 | D:2      | Killed Natasha
  1675 | D:2      | Reached XP level 5. HP: 23/27 MP: 6/6
  2181 | D:3      | Identified the +0 pair of gloves "Qolegec" {rElec rCorr}
  2200 | D:3      | Noticed Grinder
  2303 | D:3      | Noticed Sigmund
  2306 | D:3      | Killed Sigmund
  2307 | D:3      | Reached skill level 3 in Fighting
  2307 | D:3      | Reached XP level 6. HP: 32/32 MP: 7/7
  2313 | D:3      | Noticed Terence
  2340 | D:3      | Killed Grinder
  2341 | D:3      | Reached XP level 7. HP: 18/36 MP: 3/8
  2353 | D:3      | Killed Terence
  3218 | D:3      | Found a runed translucent door.
  3219 | D:3      | Noticed Crazy Yiuf
  3226 | D:3      | Killed Crazy Yiuf
  3367 | D:4      | Found an iron altar of Okawaru.
  3447 | D:4      | Found a staircase to the Ecumenical Temple.
  3481 | Temple   | Entered the Ecumenical Temple
  3493 | Temple   | Became a worshipper of Ashenzari the Shackled
  3514 | D:4      | Found a radiant altar of Vehumet.
  3640 | D:4      | Reached skill level 4 in Fighting
  3761 | D:4      | Gained mutation: You have razor-sharp teeth. [Vine Stalker
                  | growth]
  3761 | D:4      | Reached XP level 8. HP: 42/42 MP: 9/9
  3784 | D:4      | Found a basalt altar of Yredelemnul.
  3909 | D:4      | Found a glowing golden altar of the Shining One.
  4246 | D:5      | Entered Level 5 of the Dungeon
  4321 | D:5      | Found the +9 staff of Olgreb {rPois∞}
  4381 | D:5      | Noticed Blork the orc
  4388 | D:5      | Killed Blork the orc
  4514 | D:5      | Noticed Duvessa
  4664 | D:5      | Reached skill level 5 in Fighting
  4803 | D:5      | Noticed Eustachio
  4814 | D:5      | Killed Eustachio
  4815 | D:5      | Reached skill level 1 in Staves
  4815 | D:5      | Reached XP level 9. HP: 47/47 MP: 10/10
  4852 | D:5      | Found a glowing drain.
  4868 | Sewer    | Entered a sewer
  4910 | Sewer    | Noticed Pargi
  4915 | Sewer    | Killed Pargi
  4916 | Sewer    | Reached skill level 1 in Evocations
  5042 | D:5      | Noticed Dowan
  5054 | D:5      | Killed Duvessa
  5058 | D:5      | Killed Dowan
  5240 | D:6      | Noticed Edmund
  5277 | D:5      | Killed Edmund
  5452 | D:6      | Found Lecsoi Heni's Tremendous Tomes.
  5474 | D:6      | Reached * piety under Ashenzari
  5517 | D:6      | Found a sparkling altar of Nemelex Xobeh.
  5645 | D:6      | Reached skill level 5 in Dodging
  6043 | D:7      | Found a sand-covered staircase.
  6051 | Ossuary  | Entered an ossuary
  6107 | Ossuary  | Reached ** piety under Ashenzari
  6175 | Ossuary  | Reached skill level 6 in Fighting
  6196 | Ossuary  | Identified 2 scrolls of acquirement
  6207 | Ossuary  | Acquired the +1 cloak of Dinladug {Int+7 Stlth+}
  6209 | Ossuary  | Acquired the +0 hat "Afoclo" {Will++ Regen+ Str+8 Stlth-}
  6373 | D:7      | Found Zin's Purification Station.
  6381 | D:7      | Found a glowing silver altar of Zin.
  6394 | D:7      | Bought a potion of curing for 90 gold pieces
  6908 | D:7      | Found a runed translucent door.
  6908 | D:7      | Found a shimmering altar of Xom.
  6908 | D:7      | Noticed MachoJfn's ghost (novice DsBe)
  6909 | D:7      | Noticed a +2 war axe of chaos
  6940 | D:7      | Reached XP level 10. HP: 53/53 MP: 11/11
  7654 | D:8      | Reached skill level 7 in Fighting
  7894 | D:8      | Found a blossoming altar of Fedhas.
  8217 | D:9      | Reached skill level 5 in Staves
  8469 | D:9      | Reached skill level 5 in Evocations
  8607 | D:9      | Found a flagged portal.
  8634 | D:9      | Found an ornate altar of the Wu Jian Council.
  8650 | Bailey   | Entered a bailey
  8655 | Bailey   | Noticed an orc warlord
  8723 | Bailey   | Noticed an orc knight
  8741 | Bailey   | Killed an orc knight
  8778 | Bailey   | Found a runed translucent gate.
  8780 | Bailey   | Found a runed translucent gate.
  8782 | Bailey   | Found a runed translucent gate.
  8875 | Bailey   | Killed an orc warlord
  8876 | Bailey   | Reached XP level 11. HP: 23/62 MP: 7/12
  8970 | Bailey   | Reached skill level 9 in Fighting
  8970 | Bailey   | Reached XP level 12. HP: 68/68 MP: 13/13
  9097 | D:9      | Found an opulent altar of Gozag.
  9132 | D:9      | Found a runed translucent door.
  9382 | D:9      | Found a burning altar of Makhleb.
  9408 | D:9      | Noticed a two-headed ogre
  9522 | D:9      | Killed a two-headed ogre
  9625 | D:9      | Reached skill level 1 in Spellcasting
  9731 | D:9      | Found a hazy altar of Hepliaklqana.
  9889 | D:10     | Entered Level 10 of the Dungeon
 10063 | D:10     | Reached *** piety under Ashenzari
 10097 | D:10     | Found a staircase to the Lair.
 10281 | D:10     | Found a shimmering blue altar of Sif Muna.
 10311 | D:10     | Found a staircase to the Orcish Mines.
 10586 | D:10     | Found a hide-covered altar of Uskayaw.
 10622 | D:10     | Noticed Urug
 10643 | D:10     | Killed Urug
 10761 | Lair:1   | Entered Level 1 of the Lair of Beasts
 10874 | Lair:1   | Identified the +1 leather armour of the Other World {+Inv
                  | rPois rCorr Stlth+}
 10958 | Lair:1   | Found a dark tunnel.
 11040 | Lair:1   | Reached skill level 10 in Fighting
 11162 | Lair:1   | Reached XP level 13. HP: 74/74 MP: 21/21
 11396 | Lair:1   | Found a runed translucent gate.
 11406 | Lair:1   | Found a runed translucent gate.
 11407 | Lair:1   | Found a runed translucent gate.
 11407 | Lair:1   | Noticed SirDiesAlot's ghost (journeyman DsGl)
 11781 | Lair:2   | Reached **** piety under Ashenzari
 11853 | Lair:2   | Reached skill level 5 in Spellcasting
 11948 | Lair:2   | Found a staircase to the Swamp.
 12149 | Lair:2   | Found a hole to the Spider Nest.
 12783 | Lair:3   | Reached skill level 11 in Fighting
 12827 | Lair:3   | Noticed Josephine
 12844 | Lair:3   | Killed Josephine
 12925 | Lair:3   | Reached skill level 10 in Evocations
 12925 | Lair:3   | Reached XP level 14. HP: 76/82 MP: 27/27
 13195 | Lair:3   | Identified the +0 buckler of Fafeuzi {rF- rC++ rN+ Int+3}
 14232 | Lair:4   | Found an iron altar of Okawaru.
 14389 | Lair:4   | Reached skill level 10 in Dodging
 14396 | Lair:4   | Reached skill level 12 in Fighting
 14396 | Lair:4   | Reached XP level 15. HP: 88/88 MP: 27/29
 14747 | Lair:5   | Entered Level 5 of the Lair of Beasts
 14753 | Lair:5   | Found a staircase to the Slime Pits.
 15339 | Lair:5   | Learned a level 2 spell: Wereblood
 15580 | Lair:5   | Reached skill level 13 in Fighting
 16003 | Lair:5   | Found a large runed translucent door.
 16008 | Lair:5   | Found a large runed translucent door.
 16883 | D:11     | Found a transporter.
 16885 | D:11     | Found a transporter.
 16890 | D:11     | Found a bloodstained altar of Trog.
 16901 | D:11     | Noticed Beavis's ghost (journeyman NaFE)
 16918 | D:11     | Killed Beavis's ghost
 17427 | D:11     | Found a bloodstained altar of Trog.
 17719 | D:11     | Noticed Lodul
 17736 | D:11     | Killed Lodul
 17738 | D:11     | Reached XP level 16. HP: 95/95 MP: 30/30
 18252 | D:12     | Found a gate leading to a gauntlet.
 18257 | D:12     | Found Ubaorph's Book Emporium.
 18269 | Gauntlet | Entered a Gauntlet
 18269 | Gauntlet | Found a transporter.
 18275 | Gauntlet | Found a transporter.
 18279 | Gauntlet | Found a transporter.
 18306 | Gauntlet | Found a transporter.
 18503 | Gauntlet | Found a transporter.
 18503 | Gauntlet | Found a transporter.
 18512 | Gauntlet | Found a transporter.
 18529 | Gauntlet | Found a transporter.
 18531 | Gauntlet | Found a transporter.
 18531 | Gauntlet | Found a transporter.
 18558 | Gauntlet | Found a transporter.
 18558 | Gauntlet | Found a transporter.
 18578 | Gauntlet | Found a transporter.
 18590 | Gauntlet | Learned a level 3 spell: Stone Arrow
 18606 | Gauntlet | Identified the +2 hat "Gaoqegh" {+Inv Dex+2}
 18606 | Gauntlet | Found a transporter.
 18706 | Gauntlet | Identified the +5 dagger of Sanguke {elec, rPois Will-
                  | rCorr}
 18860 | D:12     | Reached ***** piety under Ashenzari
 18902 | D:12     | Reached skill level 1 in Conjurations
 18923 | D:12     | Reached skill level 1 in Earth Magic
 18926 | D:12     | Reached skill level 1 in Transmutations
 19326 | D:12     | Noticed Jorgrun
 19338 | D:12     | Killed Jorgrun
 19929 | D:13     | Identified Fomnigh's Induction into Casting
 20001 | D:13     | Noticed Sonja
 20004 | D:13     | Killed Sonja
 20627 | D:14     | Noticed Agnes
 20635 | D:14     | Killed Agnes
 20894 | D:14     | Reached skill level 14 in Fighting
 21086 | D:14     | Found a gate to the Vaults.
 21122 | D:14     | Found an ornate altar of the Wu Jian Council.
 21533 | D:14     | Learned a level 3 spell: Ignite Poison
 21563 | D:15     | Entered Level 15 of the Dungeon
 21595 | D:15     | Found a staircase to the Depths.
 21605 | D:15     | Reached skill level 1 in Fire Magic
 21607 | D:15     | Reached skill level 1 in Poison Magic
 22006 | D:15     | Found a snail-covered altar of Cheibriados.
 22565 | D:15     | Reached XP level 17. HP: 85/103 MP: 32/32
 22903 | Orc:1    | Entered Level 1 of the Orcish Mines
 22921 | Orc:1    | Found Neoweun's Weapon Boutique.
 22931 | Orc:1    | Bought 2 curare-tipped darts for 31 gold pieces
 23369 | Orc:1    | Found a runed translucent gate.
 23374 | Orc:1    | Found a runed translucent gate.
 23374 | Orc:1    | Found a runed translucent gate.
 23375 | Orc:1    | Noticed Rumaargh's ghost (journeyman NaFE)
 23376 | Orc:1    | Noticed Werytelu's ghost (journeyman HuDe)
 23414 | Orc:2    | Entered Level 2 of the Orcish Mines
 23414 | Orc:2    | Found a bloodstained altar of Trog.
 23612 | Orc:2    | Found a staircase to the Elven Halls.
 23855 | Orc:2    | Found Luyseuh's Antique Armour Shop.
 23874 | Orc:2    | Upgraded the game from 0.30-a0-760-g5a9884bb7c to
                  | 0.30-a0-772-g5528072125
 23874 | Orc:2    | Bought a runed scarf for 184 gold pieces
 23924 | Orc:2    | Found an ancient bone altar of Kikubaaqudgha.
 23925 | Orc:2    | Noticed Nergalle
 23937 | Orc:2    | Killed Nergalle
 23939 | Orc:2    | Reached skill level 5 in Earth Magic
 24052 | Orc:2    | Reached skill level 5 in Conjurations
 24121 | Orc:2    | Found Jodics's Jewellery Boutique.
 24121 | Orc:2    | Found Wiqoh's Distillery.
 24132 | Orc:2    | Found Suthregh's Jewellery Shop.
 24143 | Orc:2    | Bought a potion of flight for 33 gold pieces
 24143 | Orc:2    | Bought a potion of curing for 33 gold pieces
 24143 | Orc:2    | Bought a potion of ambrosia for 88 gold pieces
 24195 | Orc:2    | Found a radiant altar of Vehumet.
 24561 | D:6      | Bought the Quarto of Twisted Last Rites for 1316 gold
                  | pieces
 24567 | D:6      | Learned a level 5 spell: Borgnjor's Vile Clutch
 24776 | Spider:1 | Entered Level 1 of the Spider Nest
 24811 | Spider:1 | Reached skill level 1 in Necromancy
 25988 | Spider:2 | Noticed Mlioglotl
 26004 | Spider:1 | Killed Mlioglotl
 27067 | Spider:2 | Learned a level 4 spell: Dispel Undead
 27493 | Spider:2 | Reached skill level 5 in Poison Magic
 28187 | Spider:3 | Reached skill level 15 in Fighting
 29281 | Spider:3 | Reached skill level 5 in Necromancy
 29782 | D:12     | Bought a book of Burglary for 220 gold pieces
 29786 | D:12     | Learned a level 3 spell: Swiftness
 30442 | Spider:3 | Reached XP level 18. HP: 71/110 MP: 20/33
 30706 | Spider:3 | Reached skill level 1 in Air Magic
 30960 | Spider:3 | Learned a level 3 spell: Mephitic Cloud
 31333 | Spider:3 | Identified the +6 plate armour "Beodutsi" {-Cast Will+++
                  | Dex+4}
 32026 | Spider:4 | Entered Level 4 of the Spider Nest
 34099 | Spider:4 | Got a gossamer rune of Zot
 34539 | Swamp:1  | Entered Level 1 of the Swamp
 35725 | Swamp:2  | Reached skill level 1 in Shields
 35910 | Swamp:2  | HP: 3/112 [eight-headed hydra[a spriggan druid] (3)]
 35910 | Swamp:2  | Slain by an eight-headed hydra

Illustrated notes

Levels and vault maps discovered:
D:1:      dpeg_arrival_oval, layout_basic, minivault_11
D:2:      layout_loops_corners, basic_ecumenical_altar, uniq_natasha
D:3:      minmay_thinvault, layout_rooms, uniq_crazy_yiuf_cottage, uniq_sigmund,
          uniq_grinder, uniq_terence
D:4:      layout_loops_cross, okawaru_gym_becter,
          lemuel_mausoleum_altar_yredelemnul, nicolae_vehumet_radiance,
          tso_oasis_becter, minmay_temple_entry_glass
D:5:      layout_basic, cheibrodos_sewer_entry_bend, uniq_duvessa,
          uniq_eustachio, uniq_blork_the_orc
D:6:      layout_loops_ring, nemelex_xobeh_ov_fountains_minmay,
          grunt_ministairs_1, nicolae_shop_i_like_big_books, uniq_edmund
D:7:      layout_gridville, zin_purify, gup_ossuary_entry_pyramid,
          ebering_ghost_xom
D:8:      layout_rooms, kennysheep_little_box
D:9:      layout_basic, grunt_gozag_breadcrumbs, old_standard_altar,
          nzn_makhleb_speed_demon, nzn_hepliaklqana_mist_gate, enter_bailey_6
D:10:     hellmonk_crumbling_castle, layout_stronghold,
          nicolae_sif_muna_condensation, mainiacjoe_overflow_tiny_flanked,
          uniq_urug
D:11:     layout_stronghold, gammafunk_ghost_wrathful_warriors, nicolae_sextant,
          kennysheep_flooded_box, david_defended_altar_orc, uniq_lodul
D:12:     layout_basic, gauntlet_entry_generic, serial_shops,
          nicolae_shop_crystal, serial_bayou_pond_b, dk_noncrumbling_3,
          hangedman_stone_soup, uniq_jorgrun
D:13:     layout_loops_cross, uniq_sonja
D:14:     layout_rooms, hangedman_vaults_entry_quadrant_bands,
          nicolae_wu_jian_wuxing_cycle, nicolae_kite_square_tiling_tiny,
          uniq_agnes
D:15:     grunt_enter_depths_magical_seal, layout_basic,
          nicolae_figureground_sparkle, slow_altar_1
Temple:   chequers_temple_sunken
Lair:1:   layout_long_grid, enter_volcano_1, ebering_ghost_rock_garden,
          grunt_megastairs_5
Lair:2:   layout_long_grid, swamp_mist_pool,
          hellmonk_spider_entry_life_and_decay, grunt_megastairs_4
Lair:3:   layout_hall_layers, serial_bayou_pond_e, lemuel_fruit_fields,
          grunt_megastairs_2, uniq_josephine
Lair:4:   layout_loops_ring, basic_altar, nicolae_lair_liquid_snakes
Lair:5:   cheibrodos_lair_end_hotspot, layout_regular_city, slime_entry_1
Swamp:1:  layout_basic_swamp, nicolae_swamp_treefoil
Swamp:2:  layout_basic_swamp, evilmike_swamp_ruin_house_2
Spider:1: layout_spider_delve
Spider:2: layout_chambers, uniq_mlioglotl
Spider:3: layout_spider_delve, nicolae_spider_twisty_arc_passages
Spider:4: hellmonk_spider_rune_endless_swarm
Orc:1:    layout_caves, serial_shops, nicolae_shop_crystal,
          gammafunk_ghost_cemetery, nicolae_orc_pool_cavern
Orc:2:    kennysheep_orc_mage_school, layout_caves, basic_altar

Skill      XL: |  1  2  3  4  5  6  7  8  9 10 11 12 13 14 15 16 17 18 |
---------------+-------------------------------------------------------+-----
Dodging        | 1 2 3 4 5 7 9 10 11 | 11.1
Stealth        | 5 6 7 8 9 |  9.0
Throwing       | 2 |  2.0
Fighting       | 2 3 4 5 6 7 9 10 11 12 13 14 15 | 15.9
Short Blades   | 2 3 4 |  4.9
Staves         | 1 3 5 7 8 9 |  9.0
Evocations     | 3 5 7 8 10 11 12 13 | 13.2
Spellcasting   | 3 6 7 9 |  9.2
Conjurations   | 4 5 |  5.1
Earth Magic    | 4 5 7 |  7.5
Transmutations | 4 |  4.0
Fire Magic     | 1 2 4 |  4.3
Poison Magic   | 2 6 8 |  8.1
Necromancy     | 5 6 |  6.5
Air Magic      | 2 |  2.5
Shields        | 1 |  1.2

Action                     |  1- 3 |  4- 6 |  7- 9 | 10-12 | 13-15 | 16-18 || total
---------------------------+-------+-------+-------+-------+-------+-------++-------
  Melee: Dagger            |    56 |    63 |   230 |    13 |       |    13 ||   375
         Bite              |     9 |    17 |   129 |    79 |   154 |   353 ||   741
         Punch             |       |       |     4 |     2 |     6 |       ||    12
         Staff             |       |       |   174 |   254 |   479 |   826 ||  1733
  Throw: Dart              |     3 |     3 |       |     4 |     1 |     9 ||    20
         Boomerang         |       |       |       |       |       |     4 ||     4
         Throwing net      |       |       |       |       |       |     1 ||     1
   Cast: Wereblood         |       |       |       |       |       |     3 ||     3
         Ignite Poison     |       |       |       |       |       |    72 ||    72
         Stone Arrow       |       |       |       |       |       |    21 ||    21
         Dispel Undead     |       |       |       |       |       |    10 ||    10
         Borgnjor's Vile C |       |       |       |       |       |    12 ||    12
         Swiftness         |       |       |       |       |       |     1 ||     1
         Mephitic Cloud    |       |       |       |       |       |     8 ||     8
 Invoke: Curse Item        |       |       |     4 |     2 |     3 |     2 ||    11
         Shatter the Chain |       |       |     1 |       |     1 |       ||     2
Ability: Evoke the Staff o |       |       |     4 |    17 |    30 |    74 ||   125
  Evoke: Wand              |       |     6 |     1 |    11 |    15 |    17 ||    50
         Tin of tremorston |       |       |       |     1 |     1 |     1 ||     3
         Condenser vane    |       |       |       |       |       |     2 ||     2
    Use: Scroll            |       |     2 |    11 |     2 |     7 |     6 ||    28
         Potion            |       |       |     1 |     1 |     1 |     1 ||     4
   Stab: Sleeping          |    10 |    10 |    42 |     8 |    13 |    32 ||   115
         Distracted        |     1 |     1 |       |       |       |     5 ||     7
         Paralysed         |       |       |       |       |       |     1 ||     1
 Armour: Robe              |     8 |    15 |    46 |       |       |       ||    69
         Leather armour    |       |       |    45 |    71 |    87 |   170 ||   373
  Dodge: Dodged            |    22 |    31 |   217 |   182 |   325 |   573 ||  1350
  Block: Buckler           |       |       |       |       |     5 |   227 ||   232

Table legend: (Time is in decaauts)
 A = Elapsed time spent in this place.
 B = Non-inter-level travel time spent in this place.
 C = Inter-level travel time spent in this place.
 D = Time resting spent in this place.
 E = Time spent auto-exploring this place.
 F = Levels seen in this place.
 G = Mean time per level.
                   A        B        C        D        E       F      G
               +--------+--------+--------+--------+--------+-----+--------+
         Total |  35500 |  33641 |   1859 |  10066 |  15085 |  33 | 1075.8 |
       Dungeon |  15712 |  14789 |    923 |   2812 |   8606 |  15 | 1047.5 |
        Temple |     24 |     14 |     10 |      0 |      1 |   1 |   24.0 |
          Lair |   6672 |   6113 |    559 |   1475 |   3011 |   5 | 1334.4 |
         Swamp |   1399 |   1347 |     52 |    605 |    317 |   2 |  699.5 |
   Spider Nest |   8764 |   8541 |    223 |   4653 |   2177 |   4 | 2191.0 |
  Orcish Mines |   1541 |   1451 |     90 |    201 |    897 |   2 |  770.5 |
         Sewer |    132 |    132 |      0 |      0 |      0 |   1 |  132.0 |
       Ossuary |    259 |    259 |      0 |      0 |      2 |   1 |  259.0 |
        Bailey |    438 |    438 |      0 |     69 |     74 |   1 |  438.0 |
      Gauntlet |    554 |    554 |      0 |    251 |      0 |   1 |  554.0 |
               +--------+--------+--------+--------+--------+-----+--------+

Top non-repeatable levels by time:
Spider:3: 3195 daAuts
Spider:2: 2273 daAuts
Spider:4: 1992 daAuts
  Lair:5: 1611 daAuts
  Lair:2: 1426 daAuts
  Lair:1: 1385 daAuts
    D:11: 1338 daAuts
 Swamp:1: 1334 daAuts
Spider:1: 1303 daAuts
  Lair:4: 1279 daAuts
     D:7: 1259 daAuts
    D:15: 1228 daAuts
     D:1: 1221 daAuts
    D:12: 1155 daAuts
     D:8: 1138 daAuts
